Map: World of Sleepers LE

Players

Serral - Winner!

  • Race: Zerg Zerg
  • League: Master
  • Spawn Location: 1:00

Zest

  • Race: Protoss Protoss
  • League: Master
  • Spawn Location: 7:00

Event: HomeStory Cup XX

VOD

Have the link to the VOD?

Description

Time

  • Played on: Nov. 24, 2019, 12:44 p.m.
  • Length: 13:44

All games in this series

Show
View Real Time Build Order
Export as new Build Order

Serral Zerg - Winner!

Build Orders: Hatch First 

Get SALT Encoding   

  12  0:01  Drone  
  13  0:12  Overlord  
  13  0:17  Drone  
  14  0:31  Drone x2  
  16  0:47  Hatchery  
  15  0:50  Drone  
  15  0:54  Drone  
  17  0:57  Drone  
  18  1:08  Extractor  
  17  1:13  Spawning Pool  
  17  1:15  Drone  
  17  1:20  Drone  
  18  1:29  Drone  
  19  1:39  Drone  
  20  1:50  Overlord  
  20  1:59  Queen x2  
  24  2:01  Zergling x4  
  26  2:09  Metabolic Boost  
  26  2:11  Drone  
  26  2:12  Drone  
  28  2:21  Drone  
  30  2:22  Drone  
  30  2:34  Hatchery  
  29  2:38  Drone  
  29  2:43  Queen  
  32  2:48  Overlord  
  32  2:50  Drone  
  33  2:52  Drone  
  33  2:55  Drone  
  33  2:57  Drone  
  35  3:08  Drone x2  
  35  3:09  Drone x3  
  40  3:14  Overlord  
  40  3:19  Queen  
  42  3:24  Overlord  
  42  3:25  Drone  
  43  3:41  Overlord  
  43  3:43  Zergling x6  
  43  3:44  Drone  
  43  3:46  Queen  
  43  3:48  Drone x2  
  51  3:49  Spore Crawler  
  51  3:50  Spore Crawler  
  51  3:52  Pneumatized Carapace  
  49  3:56  Drone  
  49  3:58  Drone x2  
  49  4:01  Drone  
  53  4:05  Drone x2  
  53  4:06  Drone  
  53  4:09  Zergling x2  
  57  4:12  Drone x2  
  57  4:15  Spore Crawler  
  58  4:18  Unknown  
  58  4:20  Roach Warren  
  58  4:23  Drone  
  56  4:25  Drone x2  
  56  4:28  Drone  
  58  4:31  Drone x3  
  58  4:35  Overlord  
  60  4:39  Lair  
  60  4:45  Overlord  
  60  4:46  Drone x2  
  60  4:49  Drone  
  63  4:53  Zergling x2, Extractor  
  63  4:54  Zergling x4  
  63  4:57  Overlord  
  67  5:00  Drone x3  
  67  5:04  Queen  
  70  5:09  Queen  
  70  5:12  Spore Crawler  
  71  5:16  Drone x3  
  71  5:17  Spore Crawler, Drone  
  74  5:22  Drone x2  
  74  5:23  Spore Crawler, Drone  
  74  5:26  Drone x2  
  78  5:30  Overlord  
  78  5:31  Spore Crawler  
  78  5:33  Drone  
  78  5:35  Drone  
  78  5:42  Queen  
  78  5:48  Extractor  
  78  5:49  Glial Reconstitution  
  79  5:50  Queen x2  
  79  5:54  Overlord  
  83  5:58  Overlord  
  83  6:00  Overlord  
  82  6:06  Overlord x2  
  82  6:08  Nydus Network  
  81  6:12  Drone x3  
  81  6:13  Drone  
  81  6:16  Roach x2  
  81  6:17  Roach  
  87  6:21  Roach x2  
  87  6:23  Overseer  
  91  6:26  Roach  
  91  6:31  Queen x2  
  97  6:35  Queen  
  101  6:40  Roach x2  
  101  6:43  Roach  
  101  6:44  Roach  
  101  6:46  Nydus Canal  
  107  6:50  Roach  
  107  6:51  Roach  
  107  6:52  Ravager x2  
  107  6:53  Ravager x3  
  116  6:57  Roach x2  
  116  6:59  Roach  
  119  7:04  Roach x2  
  119  7:05  Roach  
  125  7:12  Roach x2  
  125  7:13  Roach  
  129  7:16  Zergling x2  
  125  7:23  Roach x2, Zergling x2  
  125  7:27  Roach  
  120  7:33  Roach  
  120  7:34  Roach x3  
  120  7:35  Roach  
  119  7:37  Roach  
  119  7:42  Roach  
  112  7:46  Roach  
  106  7:57  Baneling Nest  
  101  7:59  Roach x6  
  113  8:06  Nydus Canal  
  107  8:23  Evolution Chamber, Drone x7  
  107  8:25  Overlord  
  113  8:29  Overlord  
  113  8:31  Ravager x10  
  122  8:44  Zergling x2  
  122  8:45  Zergling x8  
  127  8:49  Hatchery, Zergling x8  
  127  8:50  Centrifical Hooks  
  127  8:51  Zerg Melee Weapons Level 1  
  130  9:01  Extractor, Drone x2  
  130  9:02  Infestation Pit, Drone x3  
  134  9:04  Zergling x6  
  135  9:11  Zergling x4  
  135  9:15  Ravager, Overlord  
  138  9:17  Overlord x2  
  138  9:26  Baneling x6  
  138  9:28  Zergling x12  
  138  9:29  Zergling x4  
  138  9:31  Baneling x10  
  146  9:35  Baneling x2  
  146  9:38  Zergling x8  
  150  9:43  Zergling x4  
  147  9:47  Ravager  
  147  9:48  Baneling  
  147  9:49  Zergling x2  
  147  9:50  Zergling x6  
  144  9:55  Zergling x14  
  127  10:02  Zergling x4  
  127  10:05  Ravager  
  122  10:07  Unknown  
  122  10:08  Baneling x11  
  122  10:12  Drone  
  122  10:15  Zergling x4  
  122  10:16  Zergling x12  
  122  10:19  Baneling  
  122  10:20  Baneling x4  
  130  10:22  Roach  
  130  10:23  Zergling x6  
  135  10:34  Roach x5  
  145  10:48  Roach x5  
  159  10:51  Overlord x2  
  159  10:52  Overlord  
  159  10:54  Zergling x2  
  159  10:55  Zergling x4  
  158  10:59  Zerg Melee Weapons Level 2  
  158  11:01  Zergling x2  
  158  11:02  Zergling x2  
  160  11:08  Drone  
  160  11:09  Drone x5  
  166  11:13  Baneling x6  
  166  11:15  Drone x2  
  168  11:20  Zergling x6  
  168  11:22  Nydus Canal  
  168  11:23  Zergling x2  
  172  11:31  Baneling x10  
  172  11:35  Zergling x10  
  171  11:42  Zergling x12  
  171  11:45  Baneling x7  
  171  11:46  Baneling  
  175  11:49  Drone x3  
  175  11:50  Drone  
  179  11:58  Hive  
  179  12:02  Zergling x16  
  179  12:08  Zergling x10  
  192  12:11  Baneling x7  
  192  12:14  Overlord  
  187  12:29  Extractor  
  186  12:30  Extractor, Drone x3  
  186  12:31  Drone x3  
  186  12:34  Hatchery  
  186  12:36  Zergling x2  
  186  12:37  Zergling x16  
  191  12:45  Zergling x14  
  191  12:49  Overseer  
  196  12:57  Drone x4  
  200  13:01  Spire  
  200  13:04  Evolution Chamber  
  198  13:07  Drone x2  
  200  13:14  Baneling x8  
  200  13:15  Baneling x9  
  200  13:22  Nydus Canal  
Show
View Real Time Build Order
Export as new Build Order

Zest Protoss 

Build Orders: 1 Gate Expand, Oracle Opening, Phoenix Opening, Mass Phoenix 

Get SALT Encoding   

  12  0:00  Probe  
  13  0:12  Probe  
  14  0:18  Pylon  
  14  0:23  Probe  
  15  0:32  Probe  
  15  0:38  Gateway  
  15  0:40  Probe  
  16  0:47  Assimilator  
  17  0:51  Probe  
  18  1:04  Probe  
  19  1:16  Probe  
  20  1:24  Nexus  
  20  1:34  Cybernetics Core  
  20  1:37  Probe  
  21  1:42  Assimilator  
  21  1:49  Probe  
  21  1:52  Pylon  
  22  2:00  Adept  
  22  2:01  Probe  
  23  2:14  Stargate  
  23  2:15  Probe  
  26  2:23  Warp Gate  
  26  2:27  Probe  
  27  2:30  Adept  
  27  2:33  Probe  
  30  2:39  Probe  
  30  2:41  Probe  
  31  2:50  Phoenix  
  31  2:51  Probe x2  
  36  3:03  Probe x2, Oracle  
  36  3:05  Pylon  
  38  3:15  Probe x2  
  43  3:20  Assimilator  
  43  3:23  Assimilator  
  43  3:27  Probe  
  43  3:28  Probe  
  43  3:32  Gateway  
  45  3:39  Probe  
  45  3:40  Probe  
  47  3:41  Stargate  
  47  3:51  Probe  
  47  3:52  Probe  
  49  3:56  Pylon, Phoenix  
  49  4:02  Pylon  
  51  4:03  Probe  
  51  4:04  Probe  
  53  4:15  Probe  
  53  4:16  Phoenix  
  54  4:23  Phoenix  
  56  4:34  Probe x2  
  56  4:36  Phoenix  
  60  4:41  Phoenix  
  60  4:44  Zealot  
  60  4:45  Zealot  
  66  4:46  Pylon  
  68  5:00  Pylon  
  68  5:01  Phoenix  
  68  5:02  Phoenix  
  72  5:08  Robotics Facility  
  72  5:13  Robotics Facility  
  72  5:19  Nexus  
  72  5:20  Pylon  
  72  5:22  Shield Battery  
  72  5:24  Sentry  
  74  5:49  Immortal  
  74  5:50  Probe x2  
  74  5:52  Immortal  
  74  5:53  Pylon  
  84  6:07  Gateway  
  84  6:09  Gateway  
  84  6:10  Gateway  
  84  6:11  Gateway  
  84  6:18  Immortal  
  84  6:19  Shield Battery  
  84  6:23  Sentry x2  
  84  6:24  Pylon, Immortal  
  96  6:47  Stalker x2  
  96  6:49  Pylon  
  100  6:55  Immortal  
  104  7:06  Immortal  
  106  7:16  Zealot  
  106  7:17  Shield Battery  
  106  7:21  Zealot x2  
  108  7:29  Immortal  
  100  7:34  Stalker  
  100  7:35  Zealot x2  
  100  7:43  Stalker x3  
  102  7:50  Probe x2  
  91  7:52  Probe  
  93  7:58  Observer  
  93  8:05  Gateway  
  96  8:06  Gateway  
  96  8:08  Stalker x3  
  99  8:12  Stalker  
  99  8:14  Sentry  
  103  8:25  Sentry  
  105  8:31  Sentry x2  
  105  8:32  Sentry  
  105  8:34  Warp Prism  
  111  8:38  Pylon  
  111  8:39  Sentry  
  111  8:40  Zealot  
  115  8:46  Pylon  
  115  8:48  Pylon  
  117  8:57  Sentry x2  
  117  8:58  Zealot, Stalker  
  125  9:03  Pylon  
  125  9:09  Pylon  
  125  9:11  Stalker x3  
  125  9:13  Zealot  
  133  9:25  Stalker x3  
  133  9:26  Zealot  
  137  9:46  Zealot, Stalker x4  
  137  9:47  Observer  
  103  10:10  Zealot x5, Sentry x3  
  119  10:25  Probe  
  119  10:26  Probe x2  
  119  10:27  Assimilator x2  
  122  10:34  Probe x3  
  122  10:35  Robotics Bay  
  122  10:42  Probe x3, Forge  
  125  10:46  Pylon  
  128  11:00  Pylon  
  128  11:06  Pylon  
  128  11:14  Colossus  
  128  11:16  Nexus  
  128  11:18  Colossus  
  128  11:19  Pylon, Photon Cannon  
  128  11:20  Photon Cannon  
  128  11:22  Pylon, Photon Cannon  
  128  11:25  Stalker x4  
  141  11:52  Pylon  
  141  11:55  Photon Cannon  
  141  11:56  Extended Thermal Lance  
  141  12:01  Colossus x2  
  139  12:11  Nexus  
  139  12:13  Pylon  
  151  12:16  Pylon  
  151  12:29  Zealot x4  
  159  12:30  Zealot x3  
  159  12:44  Warp Prism  
  159  12:48  Nexus  
  159  12:50  Observer, Sentry x8  
  175  12:56  Photon Cannon  
  178  13:26  Stalker x8  
Tags
 
Add a new tag
Caveats
  • Supply blocks, unpowered buildings, or Contaminate may cause inaccurate times.
  • Supply counts are checked every 10 seconds.